 Dungeon Crawl Stone Soup version 0.26-a0-682-g294304f6e8 (webtiles) character file.

Game seed: 7817335078297312345

(classic levelgen) 82 EnegeticOcto the Digger (level 4, -5/27 HPs)
             Began as a Halfling Earth Elementalist on Oct 21, 2020.
             Slain by a scorpion (6 damage)
             ... on level 4 of the Dungeon.
             The game lasted 00:04:09 (602 turns).

EnegeticOcto the Digger (HaEE)                       Turns: 602, Time: 00:04:09

Health: -5/27      AC:  2    Str:  9    XL:     4   Next: 70%
Magic:  0/6        EV: 15    Int: 14    God:
Gold:   79         SH:  0    Dex: 14    Spells: 3/6 levels left

rFire    . . .     SeeInvis .   g - +0 spear
rCold    . . .     Faith    .   (shield restricted)
rNeg     . . .     Spirit   .   c - +0 robe
rPois    .         Reflect  .   (no helmet)
rElec    .         Harm     .   (no cloak)
rCorr    .         Rampage  .   (no gloves)
MR       .....                  (no boots)
Stlth    ++........             (no amulet)
HPRegen  0.09/turn              (no ring)
MPRegen  0.10/turn              (no ring)

@: lethally poisoned (-5 -> -16), very slightly contaminated
A: small, mutation resistance 1
a: no special abilities


You were on level 4 of the Dungeon.
You visited 1 branch of the dungeon, and saw 4 of its levels.

You collected 79 gold pieces.

Inventory:

Hand Weapons
 g - a +0 spear (weapon)
 h - a +1 arbalest of flaming
Missiles
 b - 22 stones (quivered)
 i - 7 atropa-tipped darts
Armour
 c - a +0 robe (worn)
 j - a +0 ring mail
Scrolls
 d - 2 scrolls of blinking {unknown}
 e - 4 scrolls of identify {unknown}
 f - 2 scrolls of magic mapping {unknown}
 k - a scroll of teleportation {unknown}
 l - a scroll of enchant weapon {unknown}
 m - a scroll of fear {unknown}
Potions
 a - 2 potions of curing {@q1 !q}


   Skills:
 - Level 2.1 Dodging
 - Level 2.1 Stealth
 - Level 1.5 Spellcasting
 - Level 0.5 Transmutations
 + Level 5.1 Earth Magic


You had 3 spell levels left.
You knew the following spells:

 Your Spells              Type           Power        Failure   Level
a - Sandblast             Erth           ###...       3%          1
p - Passwall              Tmut/Erth      #.......     12%         2

Your spell library contained the following spells:

 Spells                   Type           Power        Failure   Level
 Stone Arrow              Conj/Erth      #.....       26%         3
 Petrify                  Tmut/Erth      #.......     61%         4
 Lee's Rapid Deconstruct  Erth           ###.......   63%         5


Dungeon Overview and Level Annotations

Branches:
Dungeon (4/15)
 Temple: D:4-7

Altars:
Dithmenos
Sif Muna

Annotations:
D:2 Jessica
D:3 Terence


Innate Abilities, Weirdness & Mutations

You are small and have problems with some larger weapons.
You are somewhat resistant to further mutation.


Message History

b - 30 stones The scorpion stings you.
Casting: Sandblast (safe; 3% risk of failure)
Confirm with . or Enter, or press ? or * to list all spells.
Aiming: Sandblast (safe; 3% risk of failure)
Press: ? - help, Shift-Dir - straight line, f/p - scorpion
Aim: a scorpion (heavily wounded)
The blast of sand hits the scorpion but does no damage.
The scorpion is heavily wounded.
b - 29 stones The scorpion misses you.
Casting: Sandblast (safe; 3% risk of failure)
Confirm with . or Enter, or press ? or * to list all spells.
Aiming: Sandblast (safe; 3% risk of failure)
Press: ? - help, Shift-Dir - straight line, f/p - scorpion
Aim: a scorpion (heavily wounded)
The blast of sand hits the scorpion but does no damage.
The scorpion is heavily wounded.
b - 28 stones The scorpion barely misses you.
Casting: Sandblast (safe; 3% risk of failure)
Confirm with . or Enter, or press ? or * to list all spells.
Aiming: Sandblast (safe; 3% risk of failure)
Press: ? - help, Shift-Dir - straight line, f/p - scorpion
Aim: a scorpion (heavily wounded)
The blast of sand misses the scorpion.
b - 27 stones The scorpion stings you!
You are too injured to fight recklessly!
Casting: Sandblast (safe; 3% risk of failure)
Confirm with . or Enter, or press ? or * to list all spells.
Aiming: Sandblast (safe; 3% risk of failure)
Press: ? - help, Shift-Dir - straight line, f/p - scorpion
Aim: a scorpion (heavily wounded)
The blast of sand hits the scorpion.
The scorpion is severely wounded.
b - 26 stones The scorpion stings you!
* * * LOW HITPOINT WARNING * * *
You are lethally poisoned!
The scorpion poisons you!
It was a potion of curing.
You feel better. The scorpion closely misses you.
Casting: Sandblast (safe; 3% risk of failure)
Confirm with . or Enter, or press ? or * to list all spells.
Aiming: Sandblast (safe; 3% risk of failure)
Press: ? - help, Shift-Dir - straight line, f/p - scorpion
Aim: a scorpion (heavily wounded)
The blast of sand hits the scorpion.
The scorpion is almost dead.
b - 25 stones The scorpion completely misses you.
You barely miss the scorpion.
The scorpion is severely wounded.
The scorpion misses you. The scorpion stings you.
Casting: Sandblast (safe; 3% risk of failure)
Confirm with . or Enter, or press ? or * to list all spells.
Aiming: Sandblast (safe; 3% risk of failure)
Press: ? - help, Shift-Dir - straight line, f/p - scorpion
Aim: a scorpion (severely wounded)
The blast of sand hits the scorpion but does no damage.
The scorpion is severely wounded.
b - 24 stones The scorpion stings you.
You barely miss the scorpion.
The scorpion is severely wounded.
The scorpion misses you.
Casting: Sandblast (safe; 3% risk of failure)
Confirm with . or Enter, or press ? or * to list all spells.
Aiming: Sandblast (safe; 3% risk of failure)
Press: ? - help, Shift-Dir - straight line, f/p - scorpion
Aim: a scorpion (severely wounded)
The blast of sand hits the scorpion but does no damage.
The scorpion is severely wounded.
b - 23 stones The scorpion barely misses you.
Casting: Sandblast (safe; 3% risk of failure)
Confirm with . or Enter, or press ? or * to list all spells.
Aiming: Sandblast (safe; 3% risk of failure)
Press: ? - help, Shift-Dir - straight line, f/p - scorpion
Aim: a scorpion (severely wounded)
The blast of sand hits the scorpion.
The scorpion is severely wounded.
b - 22 stones The scorpion closely misses you.
Casting: Sandblast (safe; 3% risk of failure)
Confirm with . or Enter, or press ? or * to list all spells.
Aiming: Sandblast (safe; 3% risk of failure)
Press: ? - help, Shift-Dir - straight line, f/p - scorpion
Aim: a scorpion (severely wounded)
You miscast Sandblast.
You are very lightly contaminated with residual magic.
Nothing appears to happen.
The scorpion stings you!
* * * LOW HITPOINT WARNING * * *
You are lethally poisoned!
The scorpion poisons you!
You barely miss the scorpion.
The scorpion is heavily wounded.
* * * LOW HITPOINT WARNING * * *
You feel sick. The scorpion stings you.
You die...

##.#.##... #
#####........# ##.
............##
...######...........#
#.......#.....>.....#
....................# .
#...............#
#............@s.# #
#............##.#####
#.#.........#....>....##
#....#.#....#..........#
#####...####..............
#........(................
....<......###.......!.###
#..........# #...!.....#
#..........# #.).......#


You could see a scorpion.

Vanquished Creatures
  A hound (D:4)
  3 adders (D:2)
  2 oozes
  A worm (D:3)
  A leopard gecko (D:3)
  2 bats
  A goblin (D:3)
  A hobgoblin (D:3)
  3 jackals (D:4)
  A quokka (D:3)
  A frilled lizard (D:3)
  A kobold (D:1)
18 creatures vanquished.

Notes
Turn   | Place    | Note
-------+----------+-------------------------------------------
     0 | D:1      | EnegeticOcto the Halfling Earth Elementalist began the
                  | quest for the Orb.
     0 | D:1      | Reached XP level 1. HP: 11/11 MP: 3/3
    91 | D:1      | Reached XP level 2. HP: 16/17 MP: 1/4
   161 | D:2      | Reached skill level 4 in Earth Magic
   161 | D:2      | Reached XP level 3. HP: 17/21 MP: 2/5
   184 | D:4      | Reached XP level 4. HP: 23/27 MP: 0/6
   214 | D:3      | Found a shadowy altar of Dithmenos.
   275 | D:3      | Noticed Terence
   319 | D:3      | Learned a level 2 spell: Passwall
   353 | D:2      | Found a shimmering blue altar of Sif Muna.
   406 | D:2      | Reached skill level 5 in Earth Magic
   411 | D:2      | Noticed Jessica
   602 | D:4      | HP: 1/27 [poisoned by a scorpion]
   602 | D:4      | Slain by a scorpion

Illustrated notes

Levels and vault maps discovered:
D:1:      kennysheep_arrival_forest, layout_basic
D:2:      layout_basic, overflow_temple_1_default,
          nicolae_overflow_crystal_walls, hangedman_glass_teeth, uniq_jessica,
          uniq_sigmund
D:3:      layout_basic, nicolae_dithmenos_shadow_blocks,
          hangedman_feature_mirror, uniq_terence, uniq_robin
D:4:      layout_rooms

Skill      XL: |  1  2  3  4 |
---------------+-------------+-----
Earth Magic    | 4 5 |  5.1
Dodging        | |  2.1
Stealth        | |  2.1
Spellcasting   | |  1.5
Transmutations | |  0.5

Action                   |  1- 3 |  4- 6 || total
-------------------------+-------+-------++-------
Melee: Spear             |    14 |    15 ||    29
Throw: Stone             |       |     1 ||     1
 Cast: Sandblast         |     8 |    31 ||    39
       Passwall          |       |     2 ||     2
  Use: Potion            |       |     1 ||     1
Armor: Robe              |     5 |       ||     5
Dodge: Dodged            |     9 |    22 ||    31

Table legend: (Time is in decaauts)
 A = Elapsed time spent in this place.
 B = Non-inter-level travel time spent in this place.
 C = Inter-level travel time spent in this place.
 D = Time resting spent in this place.
 E = Time spent auto-exploring this place.
 F = Levels seen in this place.
 G = Mean time per level.
                   A        B        C        D        E       F      G
               +--------+--------+--------+--------+--------+-----+--------+
         Total |    605 |    596 |      9 |      0 |      0 |   4 |  151.2 |
       Dungeon |    605 |    596 |      9 |      0 |      0 |   4 |  151.2 |
               +--------+--------+--------+--------+--------+-----+--------+

Top non-repeatable levels by time:
     D:3: 217 daAuts
     D:2: 163 daAuts
     D:4: 127 daAuts
     D:1: 97 daAuts
